Map: 이페머론 - 래더

Players

Zoun - Winner!

  • Race: Protoss Protoss
  • Spawn Location: 11:00

Creator

  • Race: Protoss Protoss
  • Spawn Location: 5:00

Event: IEM Katowice 2020

VOD

Have the link to the VOD?

Description

Time

  • Played on: Feb. 24, 2020, 6:02 a.m.
  • Length: 8:44

All games in this series

Show
View Real Time Build Order
Export as new Build Order

Zoun Protoss - Winner!

Build Orders: Blink Stalkers, Zealot Archon 

Get SALT Encoding   

  12  0:00  Probe  
  13  0:12  Probe  
  14  0:16  Pylon  
  14  0:24  Probe (Chrono Boost)  
  16  0:36  Probe (Chrono Boost)  
  16  0:38  Gateway  
  16  0:42  Probe (Chrono Boost)  
  16  0:46  Assimilator  
  17  0:51  Probe  
  17  0:54  Assimilator  
  18  1:03  Probe (Chrono Boost)  
  19  1:07  Gateway  
  19  1:13  Probe (Chrono Boost)  
  19  1:18  Probe (Chrono Boost)  
  20  1:24  Cybernetics Core  
  21  1:29  Probe  
  22  1:36  Pylon  
  22  1:41  Probe  
  24  1:54  Probe  
  24  1:57  Warp Gate (Chrono Boost)  
  24  2:03  Stalker  
  24  2:04  Stalker  
  28  2:11  Pylon  
  28  2:15  Probe  
  29  2:29  Probe  
  30  2:35  Stalker x2  
  34  3:02  Nexus  
  34  3:14  Twilight Council  
  34  3:16  Shield Battery  
  33  3:20  Probe  
  34  3:35  Pylon  
  34  3:36  Probe  
  34  3:38  Sentry x2  
  39  3:45  Blink (Chrono Boost)  
  39  4:02  Probe  
  40  4:07  Stalker  
  40  4:08  Stalker  
  44  4:14  Probe  
  44  4:15  Probe  
  46  4:24  Pylon  
  46  4:26  Probe  
  46  4:27  Probe  
  46  4:30  Stalker  
  50  4:37  Stalker  
  50  4:38  Probe  
  53  4:42  Probe  
  54  4:50  Probe  
  54  4:52  Shield Battery  
  55  4:54  Probe, Stalker  
  58  5:02  Probe  
  58  5:04  Stalker  
  58  5:06  Probe  
  61  5:13  Robotics Facility  
  61  5:14  Probe  
  61  5:16  Forge  
  62  5:21  Pylon  
  62  5:39  Probe x2, Pylon  
  62  5:40  Assimilator  
  64  5:43  Assimilator  
  64  5:45  Protoss Ground Weapons Level 1 (Chrono Boost)  
  64  5:51  Probe x2  
  66  5:59  Charge (Chrono Boost)  
  66  6:03  Probe x2, Nexus  
  68  6:07  Observer  
  69  6:15  Probe x2  
  69  6:27  Probe x2  
  69  6:28  Gateway x2  
  69  6:30  Templar Archives  
  69  6:32  Gateway  
  71  6:39  Probe x2  
  73  6:41  Gateway  
  73  6:45  Gateway  
  73  6:47  Gateway  
  73  6:53  Pylon  
  73  6:55  Pylon  
  73  6:57  Warp Prism (Chrono Boost)  
  75  7:16  Photon Cannon  
  75  7:18  Probe x3  
  75  7:22  Pylon, High Templar x2  
  82  7:24  High Templar x2  
  82  7:27  Archon  
  82  7:28  Archon  
  86  7:30  Stalker  
  91  7:40  High Templar x2  
  91  7:43  Photon Cannon  
  92  7:45  Archon, Zealot, Shield Battery  
  92  7:46  Pylon  
  94  7:58  Zealot x5  
  104  8:06  Observer  
  104  8:10  Zealot  
  107  8:12  High Templar  
  107  8:13  High Templar  
  107  8:14  Zealot x2  
  107  8:16  Archon  
  107  8:18  Zealot x3  
  121  8:28  Pylon  
Show
View Real Time Build Order
Export as new Build Order

Creator Protoss 

Build Orders: Oracle Opening 

Get SALT Encoding   

  12  0:00  Probe  
  13  0:12  Probe  
  14  0:17  Pylon  
  14  0:24  Probe (Chrono Boost)  
  15  0:37  Probe (Chrono Boost), Gateway  
  16  0:45  Probe (Chrono Boost)  
  16  0:46  Assimilator  
  17  0:51  Probe  
  17  0:54  Assimilator  
  18  1:03  Probe (Chrono Boost)  
  19  1:07  Gateway  
  19  1:12  Probe (Chrono Boost)  
  19  1:17  Probe (Chrono Boost)  
  20  1:24  Cybernetics Core  
  21  1:29  Probe  
  22  1:33  Pylon  
  22  1:41  Probe  
  23  1:53  Probe  
  24  2:02  Warp Gate, Stalker x2  
  24  2:05  Probe  
  29  2:12  Shield Battery  
  29  2:21  Pylon  
  29  2:28  Stargate  
  29  2:37  Adept  
  29  2:39  Adept  
  33  3:03  Nexus  
  33  3:10  Oracle (Chrono Boost)  
  33  3:16  Probe  
  37  3:22  Pylon  
  35  3:37  Oracle (Chrono Boost)  
  36  3:50  Stalker x2  
  36  3:56  Probe  
  33  4:08  Probe  
  34  4:14  Adept x2  
  38  4:20  Probe (Chrono Boost)  
  38  4:21  Probe (Chrono Boost)  
  40  4:30  Probe x2 (Chrono Boost)  
  42  4:35  Probe x2 (Chrono Boost)  
  44  4:48  Probe x2  
  46  4:53  Robotics Facility  
  46  5:00  Probe x2  
  46  5:07  Sentry x2  
  50  5:12  Probe (Chrono Boost)  
  54  5:15  Probe (Chrono Boost)  
  54  5:19  Pylon  
  54  5:24  Probe (Chrono Boost)  
  56  5:28  Probe (Chrono Boost)  
  56  5:29  Forge  
  56  5:30  Probe (Chrono Boost)  
  56  5:34  Shield Battery, Stalker  
  56  5:36  Probe  
  56  5:40  Probe  
  58  5:47  Immortal  
  62  5:52  Probe x2  
  62  5:55  Assimilator  
  64  5:57  Assimilator  
  64  5:59  Protoss Ground Weapons Level 1 (Chrono Boost)  
  64  6:04  Probe x2  
  66  6:13  Stalker  
  66  6:17  Probe  
  66  6:18  Probe  
  66  6:26  Twilight Council  
  66  6:29  Probe, Pylon  
  66  6:30  Probe  
  66  6:32  Observer  
  69  6:35  Pylon  
  69  6:42  Gateway  
  69  6:44  Gateway x2  
  69  7:02  Charge  
  69  7:05  Templar Archives  
  69  7:10  Phoenix  
  69  7:16  Gateway  
  69  7:17  Immortal  
  69  7:18  Gateway  
  69  7:20  Gateway  
  73  7:29  Nexus  
  73  7:32  Pylon  
  73  7:39  Pylon  
  73  7:40  Probe x2  
  72  7:46  High Templar  
  72  7:47  High Templar, Zealot x2  
  80  7:52  Probe x2  
  82  8:02  Archon  
  82  8:03  Zealot  
  84  8:09  Zealot x2  
  84  8:12  Zealot x2  
  94  8:21  High Templar  
  94  8:22  High Templar  
  94  8:25  Archon  
  98  8:29  Zealot x2  
  98  8:33  Pylon, Zealot x2  
  101  8:35  Pylon  

Tags
 
Add a new tag
Caveats
  • Supply blocks, unpowered buildings, or Contaminate may cause inaccurate times.
  • Supply counts are checked every 10 seconds.